 Dungeon Crawl Stone Soup version 0.29-a0-284-gf9362112df (webtiles) character file.

Game seed: 2947940307880719896

168 olourkin the Slasher (level 5, -2/40 HPs)
             Began as a Palentonga Warper on Mar 29, 2022.
             Slain by a gnoll
             ... wielding a +0 club
              (4 damage)
             ... on level 3 of the Dungeon.
             The game lasted 00:15:17 (3741 turns).

olourkin the Slasher (Palentonga Warper)            Turns: 3741, Time: 00:15:18

Health: -2/40      AC:  8    Str: 15    XL:     5   Next: 23%
Magic:  8/8        EV:  9    Int: 15    God:
Gold:   200        SH:  0    Dex:  9    Spells: 6/8 levels left

rFire   + . .      SeeInvis +   v - +5 short sword of Youthful Indiscretion {spect, SInv}
rCold   . . .      Faith    .   (no shield)
rNeg    . . .      Spirit   .   B - +1 leather armour {rF+}
rPois   .          Reflect  .   o - +0 helmet
rElec   .          Harm     .   x - +0 cloak
rCorr   .          Rampage  .   w - +0 pair of gloves
Will    .....                   (no barding)
Stlth   ..........              (no amulet)
HPRegen 0.13/turn               (no ring)
MPRegen 0.11/turn               (no ring)

@: confused, lethally poisoned (-2 -> -37)
A: large, rugged brown scales 3, see invisible, deformed body, roll 1, armoured
tail
a: Rolling Charge


You were on level 3 of the Dungeon.
You visited 1 branch of the dungeon, and saw 3 of its levels.

You collected 200 gold pieces.

Inventory:

Hand Weapons
 a - a +0 falchion
 n - a +0 hunting sling
 q - a +6 dagger of venom
 v - the +5 short sword of Youthful Indiscretion (weapon) {spect, SInv}
   (You found it on level 2 of the Dungeon)

   When its wielder attacks, the weapon's spirit leaps out and strikes again.
   The spirit shares a part of any damage it takes with its wielder.
   SInv:      It lets you see invisible.
Missiles
 d - 7 boomerangs of dispersal
 g - 43 stones (quivered)
 u - 9 poisoned darts
 y - 3 atropa-tipped darts
Armour
 b - a +0 leather armour
 o - a +0 helmet (worn)
 w - a +0 pair of gloves (worn)
 x - a +0 cloak (worn)
 B - a +1 leather armour of fire resistance (worn)
Wands
 D - a wand of acid (6)
Scrolls
 c - a scroll of blinking
 e - 6 scrolls of identify {unknown}
 f - a scroll of amnesia {unknown}
 h - a scroll of holy word {unknown}
 i - a scroll of immolation {unknown}
 l - a scroll of magic mapping {unknown}
 m - 4 scrolls of teleportation {unknown}
 p - 2 scrolls of silence {unknown}
 t - a scroll of fog {unknown}
 E - a scroll of torment {unknown}
Potions
 j - a potion of lignification {unknown}
 k - a potion of curing {unknown}
 r - a potion of berserk rage {unknown}
 s - a potion of heal wounds {unknown}
 z - a potion of mutation {unknown}
 A - a potion of cancellation {unknown}
 C - a potion of resistance {unknown}


   Skills:
 - Level 2.0 Fighting
 + Level 5.5 Long Blades
 - Level 0.6 Throwing
 - Level 0.7 Armour
 - Level 1.5 Dodging
 - Level 2.0 Spellcasting
 - Level 3.0 Translocations


You had 6 spell levels left.
You knew the following spells:

 Your Spells              Type           Power      Damage    Failure   Level
b - Blink                 Tloc           20%        N/A       12%         2

Your spell library contained the following spells:

 Spells                   Type           Power      Damage    Failure   Level
 Gell's Gravitas          Tloc           10%        N/A       24%         3
 Lesser Beckoning         Tloc           10%        N/A       24%         3
 Teleport Other           Tloc           10%        N/A       24%         3
 Corpse Rot               Necr/Air       2%         N/A       38%         2
 Ensorcelled Hibernation  Hex/Ice        2%         N/A       38%         2
 Passwall                 Tmut/Erth      0%         N/A       38%         2
 Poisonous Vapours        Pois/Air       2%         N/A       38%         2
 Sublimation of Blood     Necr           1%         N/A       38%         2
 Wereblood                Tmut           1%         N/A       38%         2
 Inner Flame              Hex/Fire       1%         N/A       63%         3
 Swiftness                Air            1%         N/A       63%         3
 Manifold Assault         Tloc           10%        N/A       91%         5
 Cause Fear               Hex            0%         N/A       95%         4
 Summon Hydra             Summ           0%         N/A       100%        7
 Discord                  Hex            0%         N/A       100%        8


Dungeon Overview and Level Annotations

Branches:
Dungeon (3/15)

Altars:

Annotations:
D:2 1 runed translucent door, Crazy Yiuf
D:3 siradein's ghost, amateur TrNe


Innate Abilities, Weirdness & Mutations

You are completely covered in rugged brown scales. (AC +3, +7% HP)
You have supernaturally acute eyesight. (SInv)
Armour fits poorly on your strangely shaped body.
You can roll at nearby foes to attack.
You have a long armoured tail.


Message History

Moving in this stuff is going to be slow.
The gnoll shouts!
You hear a shout!
There is a transporter here.
You enter the transporter and appear at another place.
The gnoll zaps a wand.
Your will is overpowered!
You are confused.
Okay, then.
You miss the gnoll.
Your +5 short sword of Youthful Indiscretion {spect, SInv} hits the gnoll.
The gnoll hits you from afar with a +1 spear of venom.
You are poisoned.
The gnoll zaps a wand.
Your will is overpowered!
You are more confused.
Unknown command.
You feel sick.
The gnoll shaman calls upon its god to speed up the gnoll.
The gnoll seems to speed up.
The gnoll unwields a +0 halberd.
The gnoll wields a +0 hunting sling.
The gnoll shoots a sling bullet.
The sling bullet hits you!
You feel sick.
The gnoll hits you with a +1 spear of venom.
You feel sick.
You feel sick.
The gnoll hits you from afar with a +1 spear of venom.
* * * LOW HITPOINT WARNING * * *
You are lethally poisoned!
You hit the gnoll shaman but do no damage.
Your tail-slap misses the gnoll shaman.
Your +5 short sword of Youthful Indiscretion {spect, SInv} hits the gnoll shaman but does no damage.
* * * LOW HITPOINT WARNING * * *
You feel very sick.
The gnoll hits you from afar with a +1 spear of venom.
* * * LOW HITPOINT WARNING * * *
You are more poisoned.
The gnoll shaman hits you with a +0 club!
* * * LOW HITPOINT WARNING * * *
The gnoll hits you but does no damage.
You are more poisoned.
The gnoll hits you with a +0 club.
You die...

#..≈≈≈≈≈≈≈≈≈≈≈≈≈≈≈≈≈..#
#..≈≈####.....####≈≈..#
######..≈≈#..#8###8#..#≈≈..#
..).....≈≈#8.###.###.8#≈≈..#
##.####.≈≈#...........#≈≈..#
#.# #.≈≈###.##'##.###≈≈..#
#.# #.≈≈..#.#...#.#..≈≈..#
#.# #.≈≈.##.'...'.##.≈≈..#
#.# #.≈≈.#©.#(@g#.(#.≈≈..#
##.## #.≈≈.##.##g##.##.≈≈.)#
#...# #.≈≈..#.#Wg.#.#......#
#...# #.≈≈.©#.'.g.'.#©.....#
#...###.≈≈..#)#8⌠8#.#......#
........≈≈.##.#####.##.≈≈..#
...)....≈≈.#..#.:.#..#.≈≈..#
........≈≈.##.#...#.##.≈≈..#
#>..###.≈≈..#.#.. #.#..≈≈..#


You could see a gnoll shaman, siradein's ghost, 3 gnolls and a friendly +5 short
sword of Youthful Indiscretion {spect, SInv} (summoned).

Vanquished Creatures
  Jessica (D:2)
  Ijyb (D:3)
  Robin (D:2)
  2 gnolls (D:3)
  3 adders
  A worm (D:2)
  2 dart slugs
  An endoplasm (D:1)
  3 giant cockroaches (D:2)
  17 goblins
  4 hobgoblins
  7 kobolds
  2 quokkas
  2 ball pythons (D:3)
  3 bats
  A frilled lizard (D:1)
  2 rats (D:2)
53 creatures vanquished.

Vanquished Creatures (others)
  6 plants (D:3)
6 creatures vanquished.

Grand Total: 59 creatures vanquished

Notes
Turn   | Place    | Note
-------+----------+-------------------------------------------
     0 | D:1      | olourkin the Palentonga Warper began the quest for the Orb.
     0 | D:1      | Reached XP level 1. HP: 17/17 MP: 3/3
    26 | D:1      | Found a faded altar of an unknown god.
   299 | D:1      | Reached XP level 2. HP: 19/23 MP: 5/5
   412 | D:1      | Learned a level 2 spell: Blink
   612 | D:1      | Reached skill level 3 in Long Blades
  1353 | D:2      | Noticed Robin
  1360 | D:2      | Killed Robin
  1361 | D:2      | Reached XP level 3. HP: 13/28 MP: 3/6
  1678 | D:2      | Noticed Jessica
  1688 | D:2      | Killed Jessica
  1689 | D:2      | Reached skill level 4 in Long Blades
  1699 | D:2      | Reached XP level 4. HP: 21/35 MP: 7/7
  1936 | D:2      | Identified the +5 short sword of Youthful Indiscretion
                  | {spect, SInv}
  2179 | D:2      | Found a runed translucent door.
  2180 | D:2      | Noticed Crazy Yiuf
  2724 | D:3      | Found a transporter.
  2764 | D:3      | Reached skill level 5 in Long Blades
  2787 | D:3      | Found a transporter.
  3142 | D:3      | Noticed siradein's ghost (amateur TrNe)
  3253 | D:3      | Noticed Ijyb
  3261 | D:3      | Killed Ijyb
  3262 | D:3      | Reached XP level 5. HP: 17/40 MP: 8/8
  3741 | D:3      | HP: 2/40 [gnoll shaman/+0 club (7)]
  3741 | D:3      | Slain by a gnoll

Illustrated notes

Levels and vault maps discovered:
D:1:      minmay_arrival_four_loops, layout_loops_corners,
          chequers_ecumenical_altar_simple_redux, minivault_11,
          serial_park_tiny_1, kennysheep_crisscross
D:2:      layout_basic, uniq_robin, uniq_jessica, uniq_crazy_yiuf_cottage
D:3:      kennysheep_the_goblin_king, layout_loops_ring,
          gammafunk_ghost_gnarly_gnolls, chequers_serial_rivers_small_b,
          corexii_hall_statues_i

Skill      XL: |  1  2  3  4 |
---------------+-------------+-----
Long Blades    | 3 4 5 |  5.5
Fighting       | |  2.0
Throwing       | |  0.6
Armour         | |  0.7
Dodging        | |  1.5
Spellcasting   | |  2.0
Translocations | |  3.0

Action                   |  1- 3 |  4- 6 || total
-------------------------+-------+-------++-------
Melee: Falchion          |    65 |       ||    65
       Tailslap          |     6 |     7 ||    13
       Dagger            |     1 |     9 ||    10
       Short sword       |       |    41 ||    41
Throw: Stone             |    10 |    25 ||    35
       Dart              |       |     2 ||     2
 Cast: Blink             |     1 |     1 ||     2
 Abil: Rolling Charge    |    16 |    21 ||    37
Evoke: Wand              |       |     1 ||     1
 Stab: Distracted        |       |     1 ||     1
Armor: Leather armour    |    19 |     8 ||    27
Dodge: Dodged            |    29 |    16 ||    45

Table legend: (Time is in decaauts)
 A = Elapsed time spent in this place.
 B = Non-inter-level travel time spent in this place.
 C = Inter-level travel time spent in this place.
 D = Time resting spent in this place.
 E = Time spent auto-exploring this place.
 F = Levels seen in this place.
 G = Mean time per level.
                   A        B        C        D        E       F      G
               +--------+--------+--------+--------+--------+-----+--------+
         Total |   3759 |   3537 |    222 |    933 |   2041 |   3 | 1253.0 |
       Dungeon |   3759 |   3537 |    222 |    933 |   2041 |   3 | 1253.0 |
               +--------+--------+--------+--------+--------+-----+--------+

Top non-repeatable levels by time:
     D:1: 1501 daAuts
     D:3: 1244 daAuts
     D:2: 1014 daAuts
